Map: Dusk Towers

Players

MorN - Winner!

  • Race: Terran Terran
  • League: Master

EZHumidor

  • Race: Zerg Zerg
  • League: Diamond

VOD

Have the link to the VOD?

Description

Time

  • Played on: Nov. 21, 2015, 8:36 p.m.
  • Length: 10:27
Show
View Real Time Build Order
Export as new Build Order

MorN Terran - Winner!

Build Orders: Command Center First (CC), Liberator Opening, MMM Bio 

Get SALT Encoding   

  12  0:00  SCV  
  13  0:13  SCV  
  14  0:17  Supply Depot  
  14  0:25  SCV  
  15  0:38  SCV  
  16  0:50  SCV  
  17  1:00  Command Center  
  17  1:06  SCV  
  17  1:10  Refinery  
  18  1:18  SCV  
  19  1:24  Barracks  
  19  1:30  SCV  
  20  1:42  SCV  
  21  1:54  SCV  
  22  2:07  SCV  
  23  2:12  Marine  
  23  2:14  Factory  
  24  2:18  Orbital Command  
  24  2:19  Orbital Command  
  24  2:28  Refinery  
  24  2:34  Barracks Reactor  
  24  2:44  SCV  
  24  2:46  SCV  
  26  2:56  SCV  
  27  2:58  SCV  
  27  3:00  Supply Depot  
  27  3:05  Starport  
  28  3:09  SCV  
  29  3:13  SCV  
  29  3:17  Hellion x2  
  34  3:20  Barracks Tech Lab  
  34  3:21  SCV  
  34  3:25  SCV  
  36  3:31  Command Center  
  36  3:33  SCV  
  37  3:36  Liberator  
  37  3:37  SCV  
  37  3:41  Hellion x2  
  42  3:43  Supply Depot  
  42  3:45  SCV  
  42  3:47  Stimpack  
  46  4:04  Marine  
  46  4:05  SCV  
  48  4:12  SCV, Barracks  
  48  4:14  Factory Reactor, Barracks  
  48  4:16  Supply Depot  
  50  4:17  SCV  
  50  4:26  SCV  
  51  4:32  Engineering Bay  
  51  4:33  Engineering Bay  
  49  4:46  SCV  
  49  4:47  Refinery  
  49  4:48  Orbital Command  
  49  4:49  Refinery  
  49  4:50  Starport Reactor  
  50  4:55  SCV  
  50  4:58  Supply Depot, SCV  
  50  4:59  Terran Infantry Weapons Level 1, Terran Infantry Armor Level 1, Factory Reactor  
  52  5:03  Marine  
  52  5:05  Marine x2  
  55  5:07  SCV  
  55  5:09  Marine x2  
  55  5:10  SCV  
  55  5:12  Supply Depot  
  59  5:19  SCV  
  59  5:21  Marine  
  61  5:22  Marine  
  60  5:32  Marine x3  
  59  5:38  SCV, Marine  
  59  5:39  Medivac x2  
  59  5:40  Marine  
  59  5:41  Barracks  
  59  5:42  SCV, Barracks, Orbital Command  
  67  5:44  Supply Depot  
  67  5:46  Hellion x2  
  71  5:53  Combat Shields, Marine x3  
  71  5:55  SCV  
  75  6:08  Bunker  
  69  6:25  SCV x2  
  71  6:30  Armory  
  69  6:38  SCV x2  
  71  6:41  Medivac x2  
  71  6:42  SCV  
  71  6:45  Marine x3  
  71  6:46  Barracks Reactor x2, Marine  
  80  6:48  Hellion x2  
  80  6:50  SCV  
  80  6:53  Factory  
  85  6:57  Supply Depot  
  85  6:58  Supply Depot  
  85  6:59  Supply Depot x2  
  85  7:00  Supply Depot  
  85  7:01  Supply Depot  
  85  7:06  Missile Turret  
  85  7:18  Terran Infantry Weapons Level 2, Marine x5  
  85  7:19  SCV x3, Hellion, Terran Infantry Armor Level 2  
  85  7:20  Hellion  
  97  7:23  Marine x2  
  97  7:29  Marine x2  
  99  7:31  SCV x3, Medivac x2  
  99  7:36  Marine  
  109  7:38  Marine x3  
  109  7:39  Factory Tech Lab  
  109  7:41  Marine x2  
  109  7:43  SCV x3, Widow Mine  
  119  7:54  Marine x3  
  119  7:55  Marauder  
  119  7:56  Marine x2  
  110  8:09  SCV  
  110  8:11  SCV x2  
  113  8:14  Marine x2  
  113  8:15  Supply Depot  
  113  8:16  Widow Mine x2  
  113  8:17  Siege Tank  
  122  8:21  SCV, Terran Vehicle Weapons Level 1  
  122  8:22  Supply Depot, Barracks  
  122  8:23  SCV x2, Barracks, Liberator  
  122  8:24  Marine x2  
  122  8:25  Barracks, Marauder  
  129  8:34  Marine x3  
  129  8:37  Refinery  
  129  8:38  Marine x2  
  129  8:40  Supply Depot  
  137  8:46  Marauder  
  139  8:48  Marine x2  
  139  8:53  Command Center  
  141  8:59  Marine  
  141  9:00  Marine  
  143  9:07  Liberator x2  
  143  9:08  Marauder  
  143  9:15  Marine x2  
  143  9:16  Marine  
  136  9:18  Marine x3  
  136  9:20  Barracks Reactor, Barracks Tech Lab x2  
  136  9:22  Marine x2  
  124  9:29  Siege Tank, Marauder  
  135  9:33  Marine x3  
  135  9:34  Widow Mine x2  
  142  9:40  Marine x2  
  142  9:41  Marauder  
  146  9:48  Marine x2  
  146  9:49  Marauder  
  146  9:50  Marine  
  146  9:51  Marine x3, Marauder  
  156  9:58  Marine  
  156  9:59  Marine  
  157  10:00  Marine  
  157  10:01  Marine  
  157  10:03  Marauder  
Show
View Real Time Build Order
Export as new Build Order

EZHumidor Zerg 

Build Orders: Hatch First 

Get SALT Encoding   

  12  0:01  Drone  
  13  0:08  Drone  
  14  0:17  Overlord  
  14  0:29  Extractor  
  14  0:30  Drone x2, Extractor  
  16  0:38  Drone  
  17  0:56  Drone  
  18  0:58  Hatchery  
  18  0:59  Drone  
  18  1:10  Extractor  
  17  1:14  Spawning Pool  
  17  1:16  Drone  
  17  1:19  Drone  
  18  1:30  Drone  
  19  1:40  Drone  
  20  1:51  Drone  
  21  1:59  Drone  
  22  2:10  Hatchery, Queen  
  22  2:11  Queen  
  25  2:17  Overlord  
  25  2:25  Drone  
  25  2:27  Overlord  
  25  2:29  Drone  
  27  2:35  Drone x2  
  29  2:43  Drone  
  30  2:51  Drone  
  31  2:56  Lair  
  32  2:58  Drone x2  
  32  3:05  Drone x2  
  35  3:14  Evolution Chamber  
  35  3:17  Drone x2, Baneling Nest  
  35  3:19  Extractor  
  34  3:23  Queen  
  34  3:24  Drone x2  
  34  3:25  Drone  
  39  3:28  Drone  
  39  3:30  Drone  
  41  3:35  Drone  
  41  3:36  Drone  
  41  3:40  Zerg Melee Weapons Level 1  
  43  3:48  Overlord  
  43  3:50  Drone  
  44  3:56  Metabolic Boost  
  44  4:02  Overlord x3  
  44  4:11  Overlord x2  
  44  4:13  Zergling x8  
  48  4:23  Centrifical Hooks  
  48  4:27  Zergling x10  
  48  4:53  Zergling x4  
  48  4:54  Zergling x18  
  59  5:04  Zergling x10  
  62  5:14  Zergling x2  
  62  5:15  Zergling x4  
  58  5:29  Spore Crawler  
  58  5:32  Spore Crawler  
  55  5:38  Baneling x3  
  55  5:41  Spore Crawler x2  
  55  5:42  Drone x6  
  59  5:46  Baneling x5  
  59  5:47  Baneling  
  39  6:26  Drone x4  
  39  6:28  Drone x3  
  43  6:33  Zergling x16  
  43  6:36  Zerg Melee Weapons Level 2  
  51  6:51  Zergling x16  
  59  7:04  Zergling x12  
  65  7:14  Zergling x4  
  67  7:21  Baneling  
  67  7:22  Baneling x15  
  66  7:25  Zergling x10  
  70  7:41  Baneling x6  
  70  7:42  Zergling x4  
  70  7:43  Zergling x2  
  71  7:56  Zergling x14  
  66  8:05  Baneling  
  66  8:06  Baneling x5  
  66  8:10  Zergling x10  
  71  8:19  Zergling x10  
  76  8:29  Zergling x8  
  76  8:30  Zergling x2  
  81  8:39  Zergling x12  
  87  8:47  Zergling x8  
  91  8:49  Baneling  
  91  8:50  Baneling x4  
  91  8:51  Baneling  
  91  8:52  Baneling  
  91  8:53  Baneling x2  
  89  9:02  Baneling  
  89  9:03  Zergling x2  
  89  9:04  Zergling x8  
  58  9:25  Baneling x4  
  58  9:26  Baneling x2  
  58  9:27  Baneling  
  58  9:28  Zergling x22  
  69  9:36  Drone x2, Extractor  
  69  9:37  Drone  
  71  9:49  Zergling x8  
  75  9:55  Zergling x2  
  75  9:56  Zergling x4  
  74  10:04  Zergling x20  
Tags
 
Add a new tag
Caveats
  • Supply blocks, unpowered buildings, or Contaminate may cause inaccurate times.
  • Supply counts are checked every 10 seconds.